 Dungeon Crawl Stone Soup version 0.27-a0-819-g058290f16d (webtiles) character file.

Game seed: 406338018620713950

329074 wakim the Impregnable (level 20, -20/191 HPs)
             Began as a Minotaur Berserker on Mar 29, 2021.
             Was the Champion of Trog.
             Killed from afar by a hellephant (58 damage)
             ... with a blast of flame
             ... on level 3 of the Vaults.
             The game lasted 02:37:08 (43504 turns).

wakim the Impregnable (Minotaur Berserker)         Turns: 43504, Time: 02:37:09

Health: -20/191    AC: 42    Str: 29    XL:     20   Next: 82%
Magic:  0/19       EV: 15    Int:  4    God:    Trog [******]
Gold:   2009       SH: 17    Dex: 12    Spells: 19/19 levels left

rFire    . . .     SeeInvis +   a - +9 demon whip (freeze) {mace}
rCold    + . .     Faith    .   f - +2 kite shield {reflect}
rNeg     . . .     Spirit   +   n - +9 plate armour of Love and Death {Will+ Regen+ rCorr}
rPois    +         Reflect  +   W - +1 hat
rElec    +         Harm     .   j - +2 cloak
rCorr    +         Rampage  .   h - +0 pair of gloves
Will     +++++                  d - +0 pair of boots
Stlth    ..........             z - amulet of guardian spirit
HPRegen  2.41/turn              k - ring of protection from cold
MPRegen  0.16/turn              m - ring "Hotrec" {rElec rPois Will++ AC+4 SInv}

@: about to teleport, berserk cooldown, regenerating, slowed, very slow
A: horns 2, retaliatory headbutt
}: 2/15 runes: decaying, gossamer
a: Renounce Religion, Berserk, Trog's Hand, Brothers in Arms


You were on level 3 of the Vaults.
You worshipped Trog.
Trog was exalted by your worship.
You visited 7 branches of the dungeon, and saw 35 of its levels.
You also visited: Gauntlet.

You collected 3874 gold pieces.
You spent 1865 gold pieces at shops.


Innate Abilities, Weirdness & Mutations

You have a pair of horns on your head.
You reflexively headbutt those who attack you in melee.


   Skills:
 * Level 19.0 Fighting
 + Level 18.3 Maces & Flails
 + Level 23.3 Armour
 + Level 17.3 Dodging
 - Level 15.0 Shields
 + Level 12.1 Evocations


You had 19 spell levels left.
You didn't know any spells.
Your spell library contained the following spells:

 Spells                   Type           Power      Damage    Failure   Level
 Animate Skeleton         Necr           0%         N/A       90%         1
 Apportation              Tloc           0%         N/A       90%         1
 Corona                   Hex            0%         N/A       90%         1
 Foxfire                  Conj/Fire      0%         2x1d4     90%         1
 Magic Dart               Conj           0%         1d3       90%         1
 Pain                     Necr           0%         1d4       90%         1
 Sandblast                Erth           0%         2d4       90%         1
 Sting                    Tmut/Pois      0%         1d3       90%         1
 Summon Small Mammal      Summ           0%         N/A       90%         1
 Blink                    Tloc           N/A        N/A       97%         2
 Call Imp                 Summ           0%         N/A       97%         2
 Passwall                 Tmut/Erth      0%         N/A       97%         2
 Slow                     Hex            0%         N/A       97%         2
 Wereblood                Tmut           0%         N/A       97%         2
 Confusing Touch          Hex            0%         N/A       99%         3
 Conjure Flame            Conj/Fire      0%         6-21      99%         3
 Dazzling Flash           Conj/Hex       0%         N/A       99%         3
 Gell's Gravitas          Tloc           0%         N/A       99%         3
 Inner Flame              Hex/Fire       0%         N/A       99%         3
 Mephitic Cloud           Conj/Pois/Air  0%         N/A       99%         3
 Portal Projectile        Hex/Tloc       0%         N/A       99%         3
 Stone Arrow              Conj/Erth      0%         3d7       99%         3
 Summon Guardian Golem    Hex/Summ       0%         N/A       99%         3
 Tukima's Dance           Hex            0%         N/A       99%         3
 Vampiric Draining        Necr           0%         2d6       99%         3
 Animate Dead             Necr           0%         N/A       100%        4
 Passage of Golubria      Tloc           N/A        N/A       100%        4
 Petrify                  Tmut/Erth      0%         N/A       100%        4
 Sticky Flame             Conj/Fire      0%         2d3       100%        4
 Summon Lightning Spire   Summ/Air       0%         N/A       100%        4
 Agony                    Necr           0%         N/A       100%        5
 Blade Hands              Tmut           0%         N/A       100%        5
 Bolt of Magma            Conj/Fire/Erth 0%         4d4       100%        5
 Fireball                 Conj/Fire      0%         3d3       100%        5
 Iskenderun's Battlesphe  Conj           0%         2d6       100%        5
 Lee's Rapid Deconstruct  Erth           0%         3d5*      100%        5
 Manifold Assault         Tloc           0%         N/A       100%        5
 Silence                  Hex/Air        0%         N/A       100%        5
 Conjure Ball Lightning   Conj/Air       0%         3x3d6     100%        6
 Dispersal                Tloc           0%         N/A       100%        6
 Iron Shot                Conj/Erth      0%         9d1       100%        6
 Statue Form              Tmut/Erth      0%         N/A       100%        6
 Orb of Destruction       Conj           0%         N/A       100%        7
 Spellforged Servitor     Conj/Summ      0%         N/A       100%        7
 Summon Hydra             Summ           0%         N/A       100%        7
 Discord                  Hex            0%         N/A       100%        8
 Disjunction              Tloc           0%         N/A       100%        8
 Tornado                  Air            0%         N/A       100%        9

Inventory:

Hand Weapons
 a - a +9 demon whip of freezing (weapon) {mace}
   (You bought it in a shop on level 2 of the Vaults)
 b - a +8 eveningstar {macerare=g}
   (Trog gifted it to you on level 3 of the Vaults)
Missiles
 g - 27 boomerangs of dispersal {=f!fthrowing}
 o - 18 javelins (quivered) {throwing}
 p - 4 throwing nets {=f!fthrowing}
Armour
 d - a +0 pair of boots (worn)
   (You found it on level 7 of the Dungeon)
 f - a +2 kite shield of reflection (worn)
   (You took it off a minotaur in a Gauntlet)
 h - a +0 pair of gloves (worn)
   (You found it on level 3 of the Dungeon)
 j - a +2 cloak (worn)
   (You found it on level 9 of the Dungeon)
 n - the +9 plate armour of Love and Death (worn) {Will+ Regen+ rCorr}
   (You acquired it on level 5 of the Lair of Beasts)

   It increases your rate of health regeneration.
   It protects you from acid and corrosion.
   It increases your willpower.
 v - a +2 pair of gloves
   (You found it on level 3 of the Vaults)
 W - a +1 hat (worn)
   (You acquired it on level 10 of the Dungeon)
Magical Staves
 c - a staff of cold {forbidden!astaff}
   (You found it on level 2 of the Vaults)
Jewellery
 e - a ring of positive energy
   (You found it on level 6 of the Dungeon)
 k - a ring of protection from cold (left hand)
   (You found it in a Gauntlet)
 m - the ring "Hotrec" (right hand) {rElec rPois Will++ AC+4 SInv}
   (You bought it in a shop on level 2 of the Vaults)

   [ring of protection]

   It affects your AC (+4).
   It insulates you from electricity.
   It protects you from poison.
   It lets you see invisible.
   It greatly increases your willpower.
 q - a ring of flight
   (You found it on level 8 of the Dungeon)
 z - an amulet of guardian spirit (around neck)
   (You found it on level 10 of the Dungeon)
Wands
 i - a wand of charming (53)
   (You took it off Ijyb on level 5 of the Dungeon)
 t - a wand of digging (5)
   (You found it on level 2 of the Vaults)
 u - a wand of mindburst (31)
   (You found it on level 7 of the Dungeon)
 w - a wand of acid (20)
   (You found it on level 2 of the Lair of Beasts)
 x - a wand of iceblast (37)
   (You found it in a Gauntlet)
 y - a wand of paralysis (19)
   (You took it off a gnoll on level 8 of the Dungeon)
 P - a wand of flame (33)
   (You took it off a gnoll on level 8 of the Dungeon)
Scrolls
 r - 16 scrolls of identify {@r1}
 s - 4 scrolls of torment {!r}
 D - 3 scrolls of enchant armour
 Q - a scroll of immolation {!r!r}
 R - 6 scrolls of magic mapping {!r}
 S - a scroll of summoning
 T - 5 scrolls of teleportation {@r4}
 U - 3 scrolls of fear
 X - 7 scrolls of fog
 Y - 7 scrolls of blinking {!r}
 Z - 7 scrolls of silence {!r}
Potions
 A - 6 potions of ambrosia
 B - 3 potions of attraction {!q}
 C - 2 potions of berserk rage {!q}
 E - 2 potions of cancellation
 F - 15 potions of curing {@q1}
 G - 6 potions of flight
 H - 6 potions of haste {@q3}
 I - 7 potions of invisibility
 J - 4 potions of heal wounds {@q2}
 K - 4 potions of magic
 L - a potion of lignification {!q}
 N - 6 potions of might
 O - 4 potions of resistance
Miscellaneous
 l - a condenser vane
   (You found it on level 3 of the Vaults)

Dungeon Overview and Level Annotations

Branches:
Dungeon (15/15)            Temple (1/1) D:4            Lair (6/6) D:11
  Swamp (4/4) Lair:2       Spider (4/4) Lair:4        Slime (0/5) Lair:5
    Orc (2/2) D:11            Elf (0/3) Orc:2        Vaults (3/5) D:13
  Crypt (0/3) Vaults:3     Depths (0/5) D:15        Gauntlet (visited)

Altars:
Cheibriados
Elyvilon
Fedhas
Gozag
Hepliaklqana
Makhleb
Okawaru
Qazlal
Ru
Sif Muna
Trog
Uskayaw
Vehumet
Xom
Zin
The Shining One
Beogh

Shops:
D:1 (   D:3 !   D:8 *   Orc:2 (??(!*   Vaults:2 ?*( Vaults:3

*
...#......#...#.#.#..)[.#))))..#.
...#......#...#.#.###)[.#.)))..#.
...'......#.......#.....#......'.
...#......#.....###.....#......#.
...#......#.............#......#.
...#####'########'###############
...# #..............# ########
#### #..............# #.......
#..'''''''p@p..# #...)...
#..'+++++ppYp..# #....(.. #..'
+'''pY'..# #..))).. #..'
+..)!))'..# ####'### #..'
+)...'''..# #....... #..'
+...)'+'..# #....... ## #..'
+(=..++'..#######'##### .# #..'


+++++ '..##.......# .# #..' '..##.......# You could see 2 hellephants and 6 hell
knights.


Message History

The hell knight hits you with a +3 great mace!
* * * LOW HITPOINT WARNING * * *
The hellephant tramples you but does no damage.
You block the hellephant's attack.
The hellephant closely misses you. 😨 HP[-7] MP[-1]
You take 7 damage, and now have 130/286 hp.
You lost 1 mp, and now have 9/19 mp.
You closely miss the hellephant. You block the hell knight's attack. x2
The hell knight hits you but does no damage. 😨 HP[+1]
You whack the hellephant! You freeze the hellephant.
The hell knight barely misses you. 😨 HP[+1]
You closely miss the hellephant. You block the hell knight's attack. x2
The hell knight hits you with a +2 rapier of flaming!
* * * LOW HITPOINT WARNING * * *
The hell knight burns you.
* * * LOW HITPOINT WARNING * * *
The hell knight hits you but does no damage.
The hell knight gestures at you while chanting.
The bolt of fire hits you!
* * * LOW HITPOINT WARNING * * *
The hellephant blinks! 😨 HP[-18] MP[-2]
You take 18 damage, and now have 114/286 hp.
You lost 2 mp, and now have 7/19 mp.
There is an open door, spattered with blood here. 😨 HP[+2]
You regained 2 hp, and now have 116/286 hp.
You barely miss the hellephant. The hell knight barely misses you.
You furiously retaliate!
You headbutt the hell knight.
The hell knight gestures at you while chanting.
The bolt of fire hits the hell knight.
The hell knight completely resists.
The bolt of fire misses you. 😨 HP[+1]
You closely miss the hellephant.
A hell knight opens the door.
The hell knight hits you with a +3 great mace!
* * * LOW HITPOINT WARNING * * *
The hellephant blinks!
You block the hell knight's attack. x2 😨 HP[-10]
You take 10 damage, and now have 107/286 hp.
You closely miss the hellephant.
You block the hell knight's attack. 😨 HP[+1]
You thrash the hellephant!! You freeze the hellephant.
The hell knight gestures at you while chanting.
The bolt of fire hits you!!
* * * LOW HITPOINT WARNING * * *
The hell knight misses you.
The hell knight gestures at you while chanting.
The bolt of fire misses you. You block the hellephant's attack.
The hellephant bites you but does no damage.
The hellephant gores you but does no damage.
The hell knight closely misses you. 😨 HP[-21] MP[-1]
You take 21 damage, and now have 87/286 hp.
You lost 1 mp, and now have 6/19 mp.
You whack the hellephant! You freeze the hellephant.
Your headbutt misses the hellephant.
The hell knight hits you but does no damage. 😨 HP[+1]
You whack the hellephant! You freeze the hellephant.
You headbutt the hellephant!
The hell knight gestures at you while chanting.
The bolt of fire hits you but does no damage.
The hell knight hits you but does no damage. 😨 HP[+1] MP[+1]
There is a huge open gate, spattered with blood here. 😨 HP[+2]
You regained 2 hp, and now have 91/286 hp.
You thrash the hellephant!! You freeze the hellephant.
You headbutt the hellephant! 😨 HP[+1]
You whack the hellephant! You freeze the hellephant.
You are no longer berserk.
You are exhausted.
You feel yourself slow down.
The hell knight gestures at you while chanting.
The bolt of fire misses you.
The hell knight mumbles some strange words.
The hell knight seems to speed up.
The hell knight hits you with a +3 great mace.
* * * LOW HITPOINT WARNING * * *
😨 HP[-34] MP[-1]
You now have 191 max hp (-95).
You lost 1 mp, and now have 6/19 mp.
As you read the scroll of teleportation {@r4}, it crumbles to dust.
You feel strangely unstable. The hell knight closely misses you.
The hell knight hits you but does no damage.
The hell knight casts a spell at you.
The bolt of fire hits you but does no damage.
The hell knight misses you. You block the hell knight's attack.
The hell knight gestures at you while chanting.
The bolt of fire hits you!
* * * LOW HITPOINT WARNING * * *
You block the hell knight's attack.
The hell knight hits you with a +3 great mace!
* * * LOW HITPOINT WARNING * * *
The hellephant breathes flames at you. The blast of flame hits you!!!
You die...

Skill      XL: |  1  2  3  4  5  6  7  8  9 10 11 12 13 14 15 16 17 18 19 20 |
---------------+-------------------------------------------------------------+-----
Maces & Flails | 4 5 6 7 9 10 11 13 14 15 16 17 18 | 18.3
Armour         | 3 4 5 6 9 10 11 12 13 15 16 18 19 21 22 23 | 23.3
Fighting       | 4 5 7 8 9 10 11 12 14 15 16 17 19 | 19.0
Dodging        | 3 4 6 7 8 9 10 11 12 13 14 15 16 17 | 17.3
Shields        | 4 7 9 10 12 13 14 15 | 15.0
Evocations     | 7 12 | 12.1

Action                   |  1- 3 |  4- 6 |  7- 9 | 10-12 | 13-15 | 16-18 | 19-21 || total
-------------------------+-------+-------+-------+-------+-------+-------+-------++-------
Melee: Mace              |    66 |   137 |    11 |       |       |       |       ||   214
       Headbutt          |     5 |    21 |    44 |   127 |   347 |   512 |   315 ||  1371
       Flail             |       |       |   233 |   159 |       |       |       ||   392
       Morningstar       |       |       |       |   429 |   541 |       |       ||   970
       Demon whip        |       |       |       |       |   899 |  1840 |  1143 ||  3882
       Eveningstar       |       |       |       |       |     2 |    13 |       ||    15
Throw: Dart              |       |       |       |    45 |       |       |       ||    45
       Boomerang         |       |       |       |       |       |     2 |       ||     2
       Javelin           |       |       |       |       |       |     1 |       ||     1
Invok: Berserk           |     1 |     2 |     6 |    12 |     7 |     7 |     7 ||    42
       Trog's Hand       |       |     1 |     1 |     9 |     4 |    21 |     8 ||    44
       Brothers in Arms  |       |       |       |     1 |     2 |     1 |       ||     4
Evoke: Wand              |       |       |     1 |       |       |       |       ||     1
  Use: Scroll            |     4 |     1 |     5 |    16 |     3 |    13 |     6 ||    48
       Potion            |       |       |       |     2 |     1 |     5 |     1 ||     9
 Stab: Invisible         |       |     1 |       |       |       |       |       ||     1
       Petrifying        |       |       |       |       |     1 |       |       ||     1
       Held in net/web   |       |       |       |       |       |       |     1 ||     1
Armor: Leather armour    |    19 |       |       |       |       |       |       ||    19
       Ring mail         |     2 |    41 |     1 |       |       |       |       ||    44
       Scale mail        |       |       |    35 |       |       |       |       ||    35
       Swamp dragon scal |       |       |    39 |   125 |       |       |       ||   164
       Plate armour      |       |       |       |   165 |   719 |   985 |   518 ||  2387
Dodge: Dodged            |    59 |    83 |   153 |   196 |   410 |   722 |   496 ||  2119
Block: Other             |       |    35 |    64 |    26 |       |       |       ||   125
       Reflection        |       |       |     2 |    17 |    23 |    65 |    21 ||   128
       Kite shield       |       |       |       |   448 |   882 |  1270 |   811 ||  3411

Levels and vault maps discovered:
D:1:      roderic_chinese_lattice_arrival, layout_loops_ring, serial_shops,
          nicolae_shop_stone, minmay_misc_feat_plants, st_stairs_6
D:2:      cheibrodos_old_hovel, layout_basic, general_overflow_altar
D:3:      layout_loops_ring, led_xom_imps, serial_shops, shop,
          grunt_decor_one_mirror, trog_wizard, uniq_sigmund
D:4:      layout_cave_pools, pdpol_temple_overflow_zin_treasury_gozag_greed,
          chequers_temple_overflow_statue_of_worship,
          minmay_temple_entry_statues_fountains, nicolae_ru_path_of_blood,
          uniq_edmund, uniq_blork_the_orc, uniq_eustachio
D:5:      layout_rooms, nicolae_qazlal_scattered_showers, uniq_ijyb
D:6:      layout_loops_corners, eat_drink_and_be_merry_uskayaw,
          chequers_serial_rivers_micro_d, feat_on_display, uniq_maggie
D:7:      layout_basic, minmay_unpleasant_kobolds
D:8:      minmay_skewed_foursquare, layout_loops_corners, marbit_many_paths,
          lemuel_coloured_pillars_altar, serial_shops, nicolae_shop_statue_plus,
          uniq_joseph, uniq_psyche, uniq_grum
D:9:      nzn_winding_woodlands_small [nzn_winding_woodlands_5x15_pool,
          nzn_winding_woodlands_center_triple_pond,
          nzn_winding_woodlands_5x15_lazy_stream], layout_basic, okawaru_humans,
          chequers_serial_rivers_micro_d, minivault_1, elyvilon_altar_1
D:10:     layout_loops_ring, lemuel_hellish_altar
D:11:     layout_layer_cave, david_lair_shrubbed, david_orc_1_choice,
          eino_small_chamber_without_monster, minmay_misc_feat_room
D:12:     layout_irregular_city
D:13:     layout_basic, hangedman_vaults_entry_quadrant_bands
D:14:     layout_cave_pools, serial_co_window_serial, co_window_paths_a,
          co_window_corner_a, co_window_paths_a, co_window_paths_b,
          co_window_corner_a, co_window_corner_a, co_window_broadway_a,
          co_window_corner_b, co_window_unsneaky_path_a, co_window_corner_b,
          co_window_paths_c, co_window_paths_d, co_window_sun, glass_columns_c,
          glass_columns_a, glass_columns_a, lemuel_old_faithful
D:15:     grunt_enter_depths_giant_problem, layout_rooms, minmay_orc_keep
Temple:   dpeg_chambers_temple
Lair:1:   layout_cave_pods, uniq_harold
Lair:2:   layout_cave_shapes, palyth_hydra_swamp_entry, gauntlet_entry_generic
Lair:3:   minmay_lair_venomous_thicket, layout_layer_cave, beast_lair_carwin_2
Lair:4:   layout_gridlike, spider_nest_entry_webs, tgw_fedhas,
          grunt_megastairs_4, serial_bayou_shore_b, serial_bayou_shore_a
Lair:5:   layout_regular_city, slime_dummy, beast_lair_carwin_6,
          lemuel_fruit_fields, infiniplex_staircase_pool_2
Lair:6:   hangedman_lair_tendril_chambers, layout_regular_city,
          patterned_corridor, lemuel_fruit_fields
Swamp:1:  layout_falls_marsh, nicolae_swamp_ascending_descending_big
Swamp:2:  nicolae_swamp_tree_isthmus, layout_basic_swamp,
          evilmike_swamp_ruin_house_5
Swamp:3:  layout_basic_swamp, hangedman_swamp_blocks, swamp_pool2,
          nicolae_swamp_feature_on_the_river_bank
Swamp:4:  nzn_swamp_witches_coven, layout_basic_swamp,
          nicolae_swamp_spriggan_camp
Spider:1: layout_spider_delve
Spider:2: nicolae_spider_corner
Spider:3: layout_spider_delve, uniq_arachne, uniq_mara, uniq_bai_suzhen,
          uniq_roxanne
Spider:4: guppyfry_spider_rune, drop_trap, hangedman_spider_tarantella_strand,
          uniq_kirke, uniq_nikola
Orc:1:    layout_diamond_mine, basic_altar
Orc:2:    st_orc_ogre_mass, layout_caves, serial_shops, shop_fountains,
          shop_statue, statue_in_the_mist_lemuel, mines1_david
Vaults:1: v_misc_19, vaults_room_pool, hangedman_vaults_trim,
          hangedman_vaults_nails, dpeg_vaults_monster_row,
          nicolae_vaults_network_barrier, layout_vaults_omnigrid
Vaults:2: hangedman_vaults_hard_town_square, vaults_dpeg_encased_lava,
          nicolae_vaults_windows_and_doors_thing, v_rooms_1,
          hangedman_vaults_nails, hangedman_vaults_unwind, v_misc_3, v_misc_28,
          vaults_room_semicircle, ontoclasm_vaults_ring_square,
          ontoclasm_vaults_loading_screen, grunt_vaults_diagonal,
          vaults_room_stairs_pillars, layout_vaults_omnicross
Vaults:3: ebering_vaults_ghost_inner_flame, v_misc_13, dpeg_vaults_monster_box,
          v_alt_pattern_1, minmay_crypt_entry_simple_walls,
          vaults_mumra_minichess, vaults_room_octagon,
          nicolae_vaults_network_star, vaults_not_door_vault_due,
          nicolae_vaults_puzzle_piece, vaults_dpeg_ring, hangedman_vaults_trim,
          layout_vaults_maze_snakey, serial_shops, shop

Notes
Turn   | Place    | Note
-------+----------+-------------------------------------------
     0 | D:1      | wakim the Minotaur Berserker began the quest for the Orb.
     0 | D:1      | Reached XP level 1. HP: 19/19 MP: 0/0
     0 | D:1      | magus.rc [v1.9.6]
   208 | D:1      | Reached XP level 2. HP: 19/27 MP: 1/1
   321 | D:1      | You pick up a book of Cantrips {forbidden} and begin
                  | reading...
   321 | D:1      | You add the spells Corona, Animate Skeleton, Summon Small
                  | Mammal and Apportation to your library.
   407 | D:1      | Reached skill level 4 in Maces & Flails
   524 | D:1      | Reached skill level 3 in Armour
   731 | D:1      | Found Ezel's Weapon Shop.
  1205 | D:2      | Reached skill level 4 in Fighting
  1205 | D:2      | Reached XP level 3. HP: 17/33 MP: 2/2
  1699 | D:2      | HP: 8/33 [poisoned by an adder]
  2183 | D:2      | Found a hazy altar of Hepliaklqana.
  2222 | D:2      | magus.rc [v1.9.6]
  2223 | D:2      | Reached ** piety under Trog
  2364 | D:2      | Reached XP level 4. HP: 40/40 MP: 3/3
  2616 | D:2      | magus.rc [v1.9.6]
  3036 | D:3      | Found Jibalu's Distillery.
  3041 | D:3      | magus.rc [v1.9.6]
  3041 | D:3      | magus.rc [v1.9.6]
  3062 | D:3      | magus.rc [v1.9.6]
  3241 | D:3      | Reached skill level 5 in Maces & Flails
  3241 | D:3      | Reached skill level 4 in Armour
  3241 | D:3      | Reached skill level 3 in Dodging
  3241 | D:3      | Reached XP level 5. HP: 45/47 MP: 4/4
  3570 | D:3      | Found a shimmering altar of Xom.
  3570 | D:3      | Noticed Sigmund
  3576 | D:3      | Killed Sigmund
  3577 | D:3      | Reached skill level 5 in Armour
  3577 | D:3      | Reached XP level 6. HP: 53/55 MP: 5/5
  3623 | D:3      | Reached skill level 6 in Maces & Flails
  3881 | D:3      | Reached skill level 5 in Fighting
  4035 | D:3      | Found a bloodstained altar of Trog.
  4037 | D:3      | Noticed a wizard
  4043 | D:3      | Killed a wizard
  4118 | D:3      | Reached *** piety under Trog
  4119 | D:3      | magus.rc [v1.9.6]
  4283 | D:3      | magus.rc [v1.9.6]
  4412 | D:4      | Noticed Eustachio
  4426 | D:4      | Killed Eustachio
  4427 | D:4      | Reached skill level 4 in Dodging
  4427 | D:4      | Reached XP level 7. HP: 61/61 MP: 6/6
  4513 | D:4      | Found a staircase to the Ecumenical Temple.
  4532 | Temple   | Entered the Ecumenical Temple
  4555 | D:4      | Reached skill level 6 in Armour
  4750 | D:4      | Noticed Edmund
  4764 | D:4      | Killed Edmund
  4765 | D:4      | Reached skill level 7 in Maces & Flails
  4910 | D:4      | Found a glowing golden altar of the Shining One.
  4910 | D:4      | Found a white marble altar of Elyvilon.
  5051 | D:4      | Found a sacrificial altar of Ru.
  5136 | D:4      | Found a glowing silver altar of Zin.
  5160 | D:4      | Found an opulent altar of Gozag.
  5193 | D:4      | Found a sacrificial altar of Ru.
  5322 | D:4      | Noticed Blork the orc
  5333 | D:4      | Killed Blork the orc
  5381 | D:5      | Entered Level 5 of the Dungeon
  5383 | D:5      | Noticed Ijyb
  5392 | D:5      | Killed Ijyb
  5396 | D:5      | Reached XP level 8. HP: 70/70 MP: 7/7
  5501 | D:5      | Reached skill level 7 in Armour
  5528 | D:5      | Reached skill level 6 in Fighting
  5679 | D:5      | Found a stormy altar of Qazlal.
  6025 | D:6      | Reached skill level 8 in Maces & Flails
  6025 | D:6      | Reached skill level 5 in Dodging
  6455 | D:6      | Noticed Maggie
  6481 | D:6      | Killed Maggie
  6482 | D:6      | Reached skill level 8 in Armour
  6485 | D:6      | Reached skill level 9 in Maces & Flails
  6715 | D:6      | Noticed a two-headed ogre
  6722 | D:6      | Killed a two-headed ogre
  6723 | D:6      | Reached skill level 7 in Fighting
  6723 | D:6      | Reached skill level 9 in Armour
  6723 | D:6      | Reached skill level 6 in Dodging
  6723 | D:6      | Reached XP level 9. HP: 79/79 MP: 8/8
  6962 | D:6      | Found a hide-covered altar of Uskayaw.
  7135 | D:6      | Reached skill level 10 in Maces & Flails
  7296 | D:6      | Reached **** piety under Trog
  7667 | D:7      | You pick up a book of Minor Magic {forbidden} and begin
                  | reading...
  7667 | D:7      | You add the spells Magic Dart, Blink, Call Imp, Slow,
                  | Conjure Flame and Mephitic Cloud to your library.
  7801 | D:7      | Reached skill level 10 in Armour
  8007 | D:8      | Noticed Grum
  8011 | D:8      | Killed Grum
  8027 | D:8      | Reached XP level 10. HP: 57/88 MP: 9/9
  8168 | D:8      | You pick up a book of Power {forbidden} and begin
                  | reading...
  8168 | D:8      | You add the spells Iskenderun's Battlesphere, Bolt of
                  | Magma, Iron Shot, Orb of Destruction and Spellforged
                  | Servitor to your library.
  8264 | D:8      | Found a snail-covered altar of Cheibriados.
  8365 | D:8      | Reached skill level 8 in Fighting
  8956 | D:8      | Noticed Psyche
  8965 | D:8      | Killed Psyche
  8966 | D:8      | Reached skill level 11 in Maces & Flails
  8966 | D:8      | Reached skill level 7 in Dodging
  8990 | D:8      | Found Egikoaq's Assorted Antiques.
  9098 | D:8      | Bought a scroll of identify for 52 gold pieces
  9098 | D:8      | Bought a scroll labelled ZATZASTULLU for 26 gold pieces
  9251 | D:8      | Found a shimmering blue altar of Sif Muna.
  9501 | D:8      | Noticed Joseph
  9512 | D:8      | Reached skill level 1 in Shields
  9525 | D:8      | Reached skill level 2 in Shields
  9534 | D:8      | Killed Joseph
 10111 | D:9      | Reached skill level 11 in Armour
 10171 | D:9      | Reached ***** piety under Trog
 10288 | D:9      | Received a gift from Trog
 10289 | D:9      | Reached skill level 3 in Shields
 10359 | D:9      | Found a white marble altar of Elyvilon.
 10459 | D:9      | You pick up a book of Flames {forbidden} and begin
                  | reading...
 10459 | D:9      | You add the spells Foxfire, Inner Flame, Sticky Flame and
                  | Fireball to your library.
 10564 | D:9      | Noticed a stone giant
 10565 | D:9      | Noticed a manticore
 10569 | D:9      | Reached skill level 4 in Shields
 10574 | D:9      | Killed a stone giant
 10575 | D:9      | Reached XP level 11. HP: 57/95 MP: 10/10
 10601 | D:9      | Noticed a skeletal warrior
 10605 | D:9      | Killed a skeletal warrior
 10606 | D:9      | Reached skill level 9 in Fighting
 10606 | D:9      | Reached skill level 12 in Maces & Flails
 11170 | D:9      | Found an iron altar of Okawaru.
 11246 | D:10     | Entered Level 10 of the Dungeon
 11275 | D:10     | Reached skill level 5 in Shields
 11668 | D:10     | Found a burning altar of Makhleb.
 11669 | D:10     | Noticed a hell beast
 11708 | D:10     | Reached skill level 8 in Dodging
 11730 | D:10     | Identified a scroll of acquirement
 11730 | D:10     | Acquired a +1 hat
 11748 | D:10     | Killed a hell beast
 12089 | D:10     | Reached skill level 12 in Armour
 12359 | D:10     | Noticed a two-headed ogre
 12364 | D:10     | Killed a two-headed ogre
 12365 | D:10     | Reached skill level 6 in Shields
 12721 | D:11     | Found a staircase to the Orcish Mines.
 12941 | D:11     | Noticed a two-headed ogre
 12952 | D:11     | Killed a two-headed ogre
 13316 | D:11     | Noticed a death knight
 13340 | D:11     | Killed a death knight
 13341 | D:11     | Reached skill level 7 in Shields
 13515 | D:11     | Reached skill level 13 in Maces & Flails
 13562 | D:11     | Reached XP level 12. HP: 61/106 MP: 11/11
 13815 | D:11     | Found a staircase to the Lair.
 14733 | Lair:1   | Entered Level 1 of the Lair of Beasts
 14948 | Lair:1   | Reached skill level 8 in Shields
 14979 | Lair:1   | Reached skill level 10 in Fighting
 14979 | Lair:1   | Reached skill level 13 in Armour
 15052 | Lair:1   | Noticed Harold
 15062 | Lair:1   | Killed Harold
 15146 | Lair:1   | Reached skill level 9 in Dodging
 15323 | Lair:1   | Identified the Grimoire of Creative Enchantment
 15324 | Lair:1   | You add the spells Tukima's Dance, Summon Guardian Golem,
                  | Confusing Touch and Summon Hydra to your library.
 15700 | Lair:2   | Found a gate leading to a gauntlet.
 15712 | Gauntlet | Entered a Gauntlet
 15712 | Gauntlet | Found a large runed translucent door.
 15712 | Gauntlet | Found a large runed translucent door.
 15712 | Gauntlet | Found a large runed translucent door.
 15712 | Gauntlet | Found a large runed translucent door.
 15712 | Gauntlet | Found a large runed translucent door.
 15712 | Gauntlet | Found a large runed translucent door.
 15712 | Gauntlet | Found a large runed translucent door.
 15712 | Gauntlet | Found a large runed translucent door.
 15712 | Gauntlet | Found a runed translucent door.
 15712 | Gauntlet | Found a runed translucent gate.
 15712 | Gauntlet | Found a transporter.
 15712 | Gauntlet | Found a transporter.
 15712 | Gauntlet | Found a runed translucent gate.
 15712 | Gauntlet | Found a transporter.
 15712 | Gauntlet | Noticed a hell beast
 15718 | Gauntlet | Found a transporter.
 15719 | Gauntlet | Noticed a reaper
 15726 | Gauntlet | Found a transporter.
 15739 | Gauntlet | Found a transporter.
 15747 | Gauntlet | Found a transporter.
 15764 | Gauntlet | Found a transporter.
 15772 | Gauntlet | Found a transporter.
 15789 | Gauntlet | Found a transporter.
 15812 | Gauntlet | Found a runed translucent door.
 15813 | Gauntlet | Found a large runed translucent door.
 15813 | Gauntlet | Found a large runed translucent door.
 15813 | Gauntlet | Found a large runed translucent door.
 15813 | Gauntlet | Found a large runed translucent door.
 15814 | Gauntlet | Found a large runed translucent door.
 15814 | Gauntlet | Found a large runed translucent door.
 15815 | Gauntlet | Found a large runed translucent door.
 15815 | Gauntlet | Found a large runed translucent door.
 15825 | Gauntlet | Found a runed translucent gate.
 15831 | Gauntlet | Found a transporter.
 15845 | Gauntlet | Found a transporter.
 16057 | Gauntlet | Killed a hell beast
 16239 | Gauntlet | HP: 14/106 [reaper/+2 scythe of protection (17)]
 16240 | Gauntlet | Killed a reaper
 16241 | Gauntlet | Reached skill level 9 in Shields
 16549 | Gauntlet | Identified the +11 hunting sling of Wariness {freeze, rC+
                  | Will+ Str-5}
 16549 | Gauntlet | Noticed a minotaur
 16569 | Gauntlet | Killed a minotaur
 16571 | Gauntlet | m - a +0 eveningstar {macerare=g}
 16579 | Gauntlet | You pick up a book of the Warp {forbidden} and begin
                  | reading...
 16579 | Gauntlet | You add the spells Gell's Gravitas, Portal Projectile,
                  | Passage of Golubria, Manifold Assault, Dispersal and
                  | Disjunction to your library.
 16585 | Gauntlet | Identified Qesepene's Incunabulum of Hexes
 16586 | Gauntlet | You add the spells Dazzling Flash, Silence and Discord to
                  | your library.
 16625 | Lair:2   | m - a +0 eveningstar {macerare=g}
 16625 | Lair:2   | a - a +0 eveningstar {macerare=g}
 16650 | Lair:2   | magus.rc [v1.9.6]
 16650 | Lair:2   | magus.rc [v1.9.6]
 16682 | Lair:2   | Reached skill level 14 in Maces & Flails
 16754 | Lair:2   | Noticed a seven-headed hydra
 16760 | Lair:2   | Killed a seven-headed hydra
 16927 | Lair:2   | You pick up a book of Geomancy {forbidden} and begin
                  | reading...
 16927 | Lair:2   | You add the spells Sandblast, Passwall, Stone Arrow,
                  | Petrify and Lee's Rapid Deconstruction to your library.
 16942 | Lair:2   | Noticed an eight-headed hydra
 16957 | Lair:2   | Killed an eight-headed hydra
 17056 | Lair:2   | Noticed a five-headed hydra
 17118 | Lair:2   | Killed a five-headed hydra
 17145 | Lair:2   | Found a staircase to the Swamp.
 17432 | Lair:3   | Reached XP level 13. HP: 114/114 MP: 12/12
 17470 | Lair:3   | Reached skill level 14 in Armour
 18737 | Lair:4   | Reached skill level 10 in Shields
 18748 | Lair:4   | Reached skill level 11 in Fighting
 19372 | Lair:4   | Reached skill level 10 in Dodging
 19576 | Lair:4   | Found a hole to the Spider Nest.
 19932 | Lair:4   | Reached skill level 15 in Maces & Flails
 20211 | Lair:4   | Found a blossoming altar of Fedhas.
 20875 | Lair:5   | Found a staircase to the Slime Pits.
 20890 | Lair:5   | Acquired the +9 plate armour of Love and Death {Will+
                  | Regen+ rCorr}
 21075 | Lair:5   | You pick up a book of Geomancy {forbidden} and begin
                  | reading...
 21364 | Lair:5   | Reached skill level 15 in Armour
 21490 | Lair:6   | Entered Level 6 of the Lair of Beasts
 21549 | Lair:6   | Paralysed by a hornet for 3 turns
 21697 | Lair:6   | Reached XP level 14. HP: 121/125 MP: 10/13
 22042 | Lair:6   | Reached skill level 11 in Shields
 22092 | Lair:6   | Reached skill level 16 in Maces & Flails
 22137 | Lair:6   | Reached skill level 12 in Fighting
 22636 | Lair:6   | Reached skill level 11 in Dodging
 22682 | Lair:6   | Received a gift from Trog
 22697 | Lair:6   | a - a +0 eveningstar {macerare=g}
 22697 | Lair:6   | b - a +0 eveningstar {macerare=g}
 22709 | Lair:6   | You pick up a book of the Sky {forbidden} and begin
                  | reading...
 22709 | Lair:6   | You add the spells Summon Lightning Spire, Conjure Ball
                  | Lightning and Tornado to your library.
 22976 | Orc:1    | Entered Level 1 of the Orcish Mines
 23026 | Orc:2    | Entered Level 2 of the Orcish Mines
 23034 | Orc:2    | Reached skill level 16 in Armour
 23066 | Orc:2    | Found Raoq's Assorted Antiques.
 23243 | Orc:2    | Reached ****** piety under Trog
 23428 | Orc:2    | Received a gift from Trog
 23441 | Orc:2    | Reached skill level 12 in Shields
 23464 | Orc:2    | Found Ycwid's Magic Scroll Boutique.
 23464 | Orc:2    | Found Vukuleo's Weapon Emporium.
 23465 | Orc:2    | Found Kegis's Antique Weapon Shoppe.
 23465 | Orc:2    | Found Isakkyh's Magic Scroll Boutique.
 23485 | Orc:2    | Reached XP level 15. HP: 102/134 MP: 4/14
 23516 | Orc:2    | Bought a scroll of blinking for 112 gold pieces
 23518 | Orc:2    | Bought a scroll of enchant weapon for 90 gold pieces
 23518 | Orc:2    | Bought a scroll of torment for 90 gold pieces
 23623 | Orc:2    | Noticed an orc warlord
 23647 | Orc:2    | Killed an orc warlord
 23652 | Orc:2    | Reached skill level 17 in Armour
 23683 | Orc:2    | Found Keisoen's Distillery.
 23715 | Orc:2    | Found a staircase to the Elven Halls.
 24281 | Orc:1    | Identified a +0 robe of the Archmagi
 24458 | Orc:1    | Found a burning altar of Makhleb.
 24780 | D:12     | Reached skill level 13 in Fighting
 25634 | D:13     | Reached skill level 12 in Dodging
 25646 | D:13     | Identified the +5 flail of Pimeyme {vorpal, rF+ Str+3}
                  | (Trog gifted it to you on level 13 of the Dungeon)
 25646 | D:13     | Received a gift from Trog
 25714 | D:13     | Found a gate to the Vaults.
 25882 | D:13     | b - a +0 eveningstar (weapon) {macerare=g}
 27872 | D:15     | Entered Level 15 of the Dungeon
 27919 | D:15     | Identified the +2 halberd of Circular Logic {vorpal, rF-
                  | rN+ SInv Stlth+}
 28095 | D:15     | Found a staircase to the Depths.
 28225 | D:15     | Reached skill level 18 in Armour
 28303 | D:15     | Reached skill level 13 in Shields
 28648 | Swamp:1  | Entered Level 1 of the Swamp
 29032 | Swamp:1  | HP: 51/205 [swamp dragon[a spriggan druid] (1)]
 29037 | Swamp:1  | HP: 50/205 [spriggan rider/+0 spear (5)]
 29044 | Swamp:1  | HP: 44/205 [spriggan rider/+0 spear (2)]
 29358 | Swamp:2  | Reached skill level 14 in Fighting
 29358 | Swamp:2  | Reached XP level 16. HP: 130/146 MP: 2/15
 29560 | Swamp:2  | Received a gift from Trog
 29771 | Swamp:2  | HP: 36/146 [poisoned by a swamp dragon (poison gas)]
 29776 | Swamp:2  | HP: 31/146 [poisoned by a swamp dragon (poison gas)]
 29781 | Swamp:2  | HP: 32/146 [poisoned by a swamp dragon (poison gas)]
 29931 | Swamp:2  | Reached skill level 13 in Dodging
 30277 | Swamp:3  | HP: 34/146 [poison (poison gas)]
 30281 | Swamp:3  | HP: 14/146 [poison (poison gas)]
 30286 | Swamp:3  | HP: 8/146 [poison (poison gas)]
 30291 | Swamp:3  | HP: 10/146 [poison (poison gas)]
 30805 | Swamp:3  | Noticed a thorn hunter
 30824 | Swamp:3  | Killed a thorn hunter
 30825 | Swamp:3  | Reached skill level 19 in Armour
 31170 | Swamp:4  | Entered Level 4 of the Swamp
 31720 | Swamp:4  | HP: 34/147 [something (5)]
 31850 | Swamp:4  | Reached skill level 14 in Shields
 31913 | Swamp:4  | Noticed a thorn hunter
 31925 | Swamp:4  | Killed a thorn hunter
 31958 | Swamp:4  | Received a gift from Trog
 31959 | Swamp:4  | P - a +8 antimagic quick blade {shortrare=g}
 31965 | Swamp:4  | You drop a +8 antimagic quick blade {shortrare=g}.
 31979 | Swamp:4  | P - a +8 antimagic quick blade {shortrare=g}
 31981 | Swamp:4  | You drop a +8 antimagic quick blade {shortrare=g}.
 31984 | Swamp:4  | P - a +8 antimagic quick blade {shortrare=g}
 31985 | Swamp:4  | You drop a +8 antimagic quick blade {shortrare=g}.
 31988 | Swamp:4  | P - a +8 antimagic quick blade {shortrare=g}
 32005 | Swamp:4  | Noticed a tentacled monstrosity
 32018 | Swamp:4  | Identified a +2 robe of the Archmagi
 32024 | Swamp:4  | Killed a tentacled monstrosity
 32084 | Swamp:4  | HP: 36/147 [poison (poison gas)]
 32089 | Swamp:4  | HP: 34/147 [poison (poison gas)]
 32122 | Swamp:4  | HP: 33/147 [four-headed hydra (6)]
 32316 | Swamp:4  | Reached skill level 15 in Fighting
 32351 | Swamp:4  | You pick up a book of Necromancy {forbidden} and begin
                  | reading...
 32351 | Swamp:4  | You add the spells Pain, Vampiric Draining, Animate Dead
                  | and Agony to your library.
 32536 | Swamp:4  | Reached XP level 17. HP: 124/156 MP: 5/16
 32618 | Swamp:4  | Got a decaying rune of Zot
 32692 | Swamp:4  | Reached skill level 20 in Armour
 32750 | Swamp:4  | HP: 36/156 [poison]
 32755 | Swamp:4  | HP: 17/156 [poison]
 32760 | Swamp:4  | HP: 14/156 [poison]
 32765 | Swamp:4  | HP: 16/156 [poison]
 32979 | Swamp:4  | You drop a +8 antimagic quick blade {shortrare=g}.
 33281 | Vaults:1 | Entered Level 1 of the Vaults
 33317 | Vaults:1 | Reached skill level 14 in Dodging
 33500 | Vaults:1 | You pick up a book of Necromancy {forbidden} and begin
                  | reading...
 33614 | Vaults:1 | Reached skill level 15 in Shields
 33631 | Vaults:1 | Received a gift from Trog
 33659 | Vaults:1 | HP: 33/156 [deep troll[an ironbound preserver] (12)]
 33661 | Vaults:1 | HP: 15/156 [deep troll[an ironbound preserver] (10)]
 34129 | Vaults:1 | Reached skill level 21 in Armour
 34275 | Vaults:1 | Reached skill level 16 in Fighting
 35054 | Vaults:2 | Identified the +3 glaive of Aptot {antimagic, *Drain rF+
                  | Int+7}
 35078 | Vaults:2 | Found Wydichos's Antique Weapon Emporium.
 35153 | Vaults:2 | Bought a runed demon whip for 432 gold pieces
 35235 | Vaults:2 | Found Loahoim's Assorted Antiques.
 35261 | Vaults:2 | Bought a scintillating silver ring for 185 gold pieces
 35261 | Vaults:2 | Identified the ring "Hotrec" {rElec rPois Will++ AC+4 SInv}
                  | (You bought it in a shop on level 2 of the Vaults)
 35273 | Vaults:2 | Found Cuafonuj's Magic Scroll Emporium.
 35275 | Vaults:2 | b - a +0 eveningstar (weapon) {macerare=g}
 35285 | Vaults:2 | Reached XP level 18. HP: 129/166 MP: 13/17
 35315 | Vaults:2 | Bought a scroll of acquirement for 676 gold pieces
 35376 | Vaults:2 | Received a gift from Trog
 35377 | Vaults:2 | Reached skill level 15 in Dodging
 36110 | Vaults:2 | Acquired a manual of Evocations
 36205 | Vaults:2 | Reached skill level 1 in Evocations
 36331 | Vaults:2 | Reached skill level 2 in Evocations
 36340 | Vaults:2 | HP: 33/252 [crystal guardian/crystal bolt[a peacekeeper]
                  | (34)]
 36494 | Vaults:2 | Reached skill level 3 in Evocations
 36504 | Vaults:2 | Reached skill level 22 in Armour
 36800 | Vaults:2 | Reached skill level 4 in Evocations
 37210 | Spider:1 | Entered Level 1 of the Spider Nest
 37351 | Spider:1 | Reached skill level 5 in Evocations
 37514 | Spider:1 | Received a gift from Trog
 37963 | Spider:2 | Reached skill level 6 in Evocations
 38085 | Spider:2 | Reached skill level 17 in Fighting
 38219 | Spider:2 | Reached skill level 7 in Evocations
 38593 | Spider:2 | Received a gift from Trog
 38801 | Spider:3 | Identified Roxanne's Volume of Transmutation
 38801 | Spider:3 | Noticed Roxanne
 38836 | Spider:3 | HP: 41/169 [poisoned by a redback]
 38837 | Spider:3 | Reached XP level 19. HP: 23/177 MP: 3/18
 38841 | Spider:3 | HP: 33/177 [poisoned by a redback]
 38841 | Spider:3 | HP: 16/177 [Roxanne/bolt of magma (17)]
 39058 | Spider:3 | Noticed Mara
 39067 | Spider:3 | Reached skill level 8 in Evocations
 39067 | Spider:3 | Noticed wakim's illusion
 39179 | Spider:3 | Noticed wakim's illusion
 39271 | Spider:3 | Noticed Bai Suzhen
 39298 | Spider:3 | Killed Bai Suzhen
 39555 | Spider:3 | Reached skill level 9 in Evocations
 39570 | Spider:3 | Noticed Arachne
 39572 | Spider:3 | Noticed wakim's illusion
 39583 | Spider:3 | Killed Mara
 39584 | Spider:3 | Reached skill level 16 in Dodging
 39593 | Spider:3 | Killed Arachne
 39984 | Spider:3 | Killed Roxanne
 39984 | Spider:3 | Received a gift from Trog
 39986 | Spider:3 | You add the spells Sting, Wereblood, Blade Hands and Statue
                  | Form to your library.
 40023 | Spider:4 | Entered Level 4 of the Spider Nest
 40027 | Spider:4 | Noticed Nikola
 40044 | Spider:4 | Noticed Kirke
 40101 | Spider:3 | Killed Nikola
 40102 | Spider:3 | Reached skill level 10 in Evocations
 40129 | Spider:3 | Killed Kirke
 40130 | Spider:3 | Reached skill level 17 in Maces & Flails
 40622 | Spider:4 | Reached skill level 11 in Evocations
 40945 | Spider:4 | Identified the +1 chain mail of Conscience {*Slow Regen+
                  | rCorr SInv}
 41064 | Spider:4 | Received a gift from Trog
 41276 | Spider:4 | Got a gossamer rune of Zot
 41846 | Vaults:3 | Reached skill level 12 in Evocations
 41865 | Vaults:3 | Reached XP level 20. HP: 187/187 MP: 19/19
 41877 | Vaults:3 | Reached skill level 18 in Fighting
 41983 | Vaults:3 | You pick up a book of Power {forbidden} and begin
                  | reading...
 41987 | Vaults:3 | Found a huge runed gate.
 41987 | Vaults:3 | Found a huge runed gate.
 42026 | Vaults:3 | Received a gift from Trog
 42037 | Vaults:3 | s - a +4 eveningstar {macerare=g}
 42038 | Vaults:3 | You drop a +0 eveningstar {macerare=g}.
 42041 | Vaults:3 | b - a +0 eveningstar {macerare=g}
 42042 | Vaults:3 | You drop a +0 eveningstar {macerare=g}.
 42043 | Vaults:3 | s - a +4 eveningstar {macerare=g}
 42043 | Vaults:3 | b - a +4 eveningstar {macerare=g}
 42043 | Vaults:3 | b - a +4 eveningstar (weapon) {macerare=g}
 42047 | Vaults:3 | s - a +0 eveningstar {macerare=g}
 42048 | Vaults:3 | You drop a +0 eveningstar {macerare=g}.
 42049 | Vaults:3 | b - a +4 eveningstar (weapon) {macerare=g}
 42052 | Vaults:3 | s - a +0 eveningstar {macerare=g}
 42053 | Vaults:3 | You drop a +0 eveningstar {macerare=g}.
 42060 | Vaults:3 | v - a +0 eveningstar {macerare=g}
 42062 | Vaults:3 | You drop a +0 eveningstar {macerare=g}.
 42066 | Vaults:3 | Found a staircase to the Crypt.
 42074 | Vaults:3 | v - a +0 eveningstar {macerare=g}
 42101 | Vaults:3 | You drop a +0 eveningstar {macerare=g}.
 42177 | Vaults:3 | v - a +0 eveningstar {macerare=g}
 42205 | Vaults:3 | Reached skill level 23 in Armour
 42358 | Vaults:3 | Reached skill level 17 in Dodging
 42433 | Vaults:3 | You drop a +0 eveningstar {macerare=g}.
 42442 | Vaults:3 | v - a +0 eveningstar {macerare=g}
 42492 | Vaults:3 | Reached skill level 18 in Maces & Flails
 42672 | Vaults:3 | You drop a +0 eveningstar {macerare=g}.
 42691 | Vaults:3 | your +4 eveningstar {macerare=g} glows red for a moment.
 42692 | Vaults:3 | your +5 eveningstar {macerare=g} glows red for a moment.
 42693 | Vaults:3 | your +6 eveningstar {macerare=g} glows red for a moment.
 42779 | Vaults:3 | v - a +0 eveningstar {macerare=g}
 42883 | Vaults:3 | Found a runed translucent door.
 42883 | Vaults:3 | Noticed Utwej's ghost (adept GnVM)
 42951 | Vaults:3 | Killed Utwej's ghost
 42990 | Vaults:3 | You drop a +0 eveningstar {macerare=g}.
 43021 | Vaults:3 | v - a +0 eveningstar {macerare=g}
 43060 | Vaults:3 | Found Nunio's Assorted Antiques.
 43091 | Vaults:3 | Received a gift from Trog
 43142 | Vaults:3 | V - a +3 eveningstar {macerare=g}
 43151 | Vaults:3 | Bought a scroll of enchant weapon for 202 gold pieces
 43155 | Vaults:3 | your +7 eveningstar {macerare=g} glows red for a moment.
 43159 | Vaults:3 | You drop a +0 eveningstar {macerare=g}.
 43160 | Vaults:3 | You drop a +3 eveningstar {macerare=g}.
 43163 | Vaults:3 | V - a +3 eveningstar {macerare=g}
 43163 | Vaults:3 | v - a +0 eveningstar {macerare=g}
 43165 | Vaults:3 | You drop a +0 eveningstar {macerare=g}.
 43166 | Vaults:3 | You drop a +3 eveningstar {macerare=g}.
 43174 | Vaults:3 | b - a +8 eveningstar (weapon) {macerare=g}
 43179 | Vaults:3 | b - a +8 eveningstar (weapon) {macerare=g}
 43181 | Vaults:3 | b - a +8 eveningstar (weapon) {macerare=g}
 43186 | Vaults:3 | V - a +3 eveningstar {macerare=g}
 43186 | Vaults:3 | v - a +0 eveningstar {macerare=g}
 43187 | Vaults:3 | You drop a +0 eveningstar {macerare=g}.
 43188 | Vaults:3 | You drop a +3 eveningstar {macerare=g}.
 43362 | Vaults:3 | Found a huge runed gate.
 43363 | Vaults:3 | Found a huge runed gate.
 43364 | Vaults:3 | Found a huge runed gate.
 43364 | Vaults:3 | Found a huge runed gate.
 43364 | Vaults:3 | Found a huge runed gate.
 43364 | Vaults:3 | Found a huge runed gate.
 43365 | Vaults:3 | Found a huge runed gate.
 43365 | Vaults:3 | Found a huge runed gate.
 43365 | Vaults:3 | Found a huge runed gate.
 43365 | Vaults:3 | Found a huge runed gate.
 43365 | Vaults:3 | Found a huge runed gate.
 43367 | Vaults:3 | Found a huge runed gate.
 43368 | Vaults:3 | Found a huge runed gate.
 43415 | Vaults:3 | Found a huge runed gate.
 43415 | Vaults:3 | Found a huge runed gate.
 43415 | Vaults:3 | Found a huge runed gate.
 43415 | Vaults:3 | Found a huge runed gate.
 43415 | Vaults:3 | Found a huge runed gate.
 43416 | Vaults:3 | Found a huge runed gate.
 43417 | Vaults:3 | Found a huge runed gate.
 43418 | Vaults:3 | Found a huge runed gate.
 43419 | Vaults:3 | Found a huge runed gate.
 43427 | Vaults:3 | Found a huge runed gate.
 43427 | Vaults:3 | Found a huge runed gate.
 43427 | Vaults:3 | Found a huge runed gate.
 43427 | Vaults:3 | Found a huge runed gate.
 43427 | Vaults:3 | Found a huge runed gate.
 43427 | Vaults:3 | Found a huge runed gate.
 43428 | Vaults:3 | Found a huge runed gate.
 43429 | Vaults:3 | Found a huge runed gate.
 43430 | Vaults:3 | Found a huge runed gate.
 43438 | Vaults:3 | Found a huge runed gate.
 43438 | Vaults:3 | Found a huge runed gate.
 43438 | Vaults:3 | Found a huge runed gate.
 43489 | Vaults:3 | Reached skill level 19 in Fighting
 43504 | Vaults:3 | HP: 38/191 [hell knight/+3 great mace (12)]
 43504 | Vaults:3 | Killed from afar by a hellephant

Vanquished Creatures
  Mara (Spider:3)
  Bai Suzhen (Spider:3)
  Nikola (Spider:3)
  Arachne (Spider:3)
  The ghost of Utwej the Omniscient, an adept GnVM of Ashenzari (Vaults:3)
  A tentacled monstrosity (Swamp:4)
  An ancient champion (Vaults:3)
  2 thorn hunters
  Kirke (Spider:3)
  Roxanne (Spider:3)
  5 fenstrider witches (Swamp:4)
  A frost giant (Vaults:2)
  12 vault wardens
  5 ghost moths
  8 emperor scorpions
  12 ironbound preservers
  8 very ugly things
  A reaper (Gauntlet)
  A war gargoyle (Vaults:2)
  3 stone giants
  3 bunyips
  A minotaur (Gauntlet)
  A vampire knight (Vaults:3)
  3 dire elephants (Vaults:3)
  4 entropy weavers
  2 crystal guardians (Vaults:2)
  4 eleionomae
  2 ettins
  9 yaktaur captains
  A shambling mangrove (Swamp:4)
  A green death (Swamp:4)
  3 great orbs of eyes (Vaults:3)
  6 vault guards
  7 ironbound thunderhulks
  4 boulder beetles
  2 spriggan air magi (Swamp:4)
  A peacekeeper (Vaults:2)
  8 ironbound frosthearts
  19 hydras
  2 hell beasts
  A catoblepas (Lair:5)
  Harold (Lair:1)
  4 ogre magi (Orc:2)
  2 ghost crabs
  23 centaur warriors
  A death knight (D:11)
  An alligator (Swamp:2)
  A spriggan berserker (Swamp:4)
  4 death yaks (Lair:6)
  20 two-headed ogres
  A soul eater (Swamp:4)
  4 ironbound beastmasters
  An orc high priest (D:15)
  8 hell knights (Vaults:3)
  A sixfirhy (Swamp:4)
  A skeletal warrior (Vaults:3)
  7 spriggan druids
  A death drake (Swamp:4)
  9 bog bodies
  6 goliath frogs
  41 deep trolls
  10 wizards
  3 orc knights
  5 swamp dragons
  9 ironbound convokers
  4 lindwurms (Vaults:2)
  28 wolf spiders
  16 orb spiders
  5 harpies (Vaults:1)
  2 deep elf zephyrmancers (Swamp:4)
  6 orc sorcerers
  An oklob plant (Lair:4)
  24 ugly things
  A deep elf pyromancer (D:14)
  4 will-o-the-wisps
  10 cyclopes
  A guardian serpent (Lair:6)
  3 manticores
  10 elephants
  9 black mambas
  2 torpor snails
  8 vault sentinels
  Joseph (D:8)
  6 orange demons
  A gargoyle (D:13)
  15 cane toads
  3 rime drakes
  13 demonic crawlers
  2 unseen horrors (D:12)
  4 freezing wraiths
  11 komodo dragons
  Psyche (D:8)
  Maggie (D:6)
  48 yaktaurs
  A hellwing (Gauntlet)
  8 tyrant leeches
  32 jumping spiders
  2 bloated husks
  4 trolls
  3 polar bears
  30 hornets
  4 dream sheep (Lair:6)
  22 slime creatures
  90 redbacks
  14 spriggans
  A shadow (D:11)
  4 wraiths
  A vampire (D:11)
  Eustachio (D:4)
  35 tarantellas
  28 yaks
  Sigmund (D:3)
  2 water elementals (D:13)
  2 humans (D:9)
  10 wyverns
  4 basilisks
  4 chaos spawn (Swamp:4)
  4 hogs (Spider:3)
  2 neqoxecs (Swamp:4)
  Grum (D:8)
  A human (shapeshifter) (D:13)
  A steam dragon (D:8)
  18 vampire mosquitoes
  23 swamp worms
  Edmund (D:4)
  3 wargs
  27 water moccasins
  2 hell hounds (Gauntlet)
  30 orc warriors
  An ice beast (D:6)
  A swamp drake (Swamp:2)
  A hornet zombie (D:9)
  2 black bears
  2 necrophages
  14 centaurs
  23 ogres
  2 wolves (D:8)
  6 kobold brigands
  8 bullfrogs
  Blork the orc (D:4)
  3 gnoll sergeants (D:8)
  3 scorpions
  6 killer bees (D:11)
  11 wights
  13 howler monkeys
  7 electric eels
  2 centaur zombies
  4 crimson imps (D:3)
  3 jellies
  A bullfrog zombie (D:5)
  2 gnoll shamans
  13 orc priests
  3 hounds
  2 centaur skeletons
  An iron imp (D:10)
  4 iguanas
  Ijyb (D:5)
  16 orc wizards
  2 howler monkey zombies (D:8)
  24 gnolls
  15 adders
  A white imp (D:7)
  2 worms
  2 dart slugs (D:1)
  73 orcs
  7 ball pythons
  7 bats
  5 endoplasms
  4 goblins
  5 hobgoblins
  7 jackals (D:3)
  12 kobolds
  5 quokkas
  5 frilled lizards
  3 rats
1306 creatures vanquished.

Vanquished Creatures (collateral kills)
  An orc warlord (Orc:2)
  A stone giant (D:9)
  A death yak (Lair:6)
  2 deep trolls (Vaults:1)
  A skeletal warrior (D:9)
  A manticore (D:9)
  A cane toad (Lair:6)
  2 trolls
  A basilisk (Lair:6)
  A water moccasin (Lair:6)
  An orc warrior (D:9)
  A wight (D:9)
  An orc (Orc:2)
15 creatures vanquished.

Vanquished Creatures (others)
  A blizzard demon (Swamp:4)
  An orb spider (Spider:2)
  A wolf spider (Spider:4)
  A wizard (D:3)
  A bloated husk (Swamp:1)
  A jumping spider (Spider:4)
  A redback (Spider:4)
  A yak (Lair:5)
  A hog (Spider:4)
  A boggart (D:13)
  16 foxfires
  43 fungi
  110 plants
  4 withered plants (Gauntlet)
183 creatures vanquished.

Grand Total: 1504 creatures vanquished

Table legend:
 A = Non-vault XP
 B = Vault XP
 C = Vault XP percentage of total XP
 D = Non-vault monster count
 E = Vault monster count
 F = Vault count percentage of total count
                 A         B        C        D         E       F
            +---------+---------+-------+---------+---------+-------
      Total |  301749 |  263438 |  46.6 |     871 |     454 |  34.3
            +---------+---------+-------+---------+---------+-------
        D:1 |      33 |       2 |   5.7 |      17 |       1 |   5.6
        D:2 |      77 |       3 |   3.8 |      16 |       1 |   5.9
        D:3 |     167 |     399 |  70.5 |      28 |       5 |  15.2
        D:4 |     220 |     455 |  67.4 |      13 |       3 |  18.8
        D:5 |     372 |      35 |   8.6 |       8 |       1 |  11.1
        D:6 |    2142 |     365 |  14.6 |      26 |       1 |   3.7
        D:7 |     692 |     196 |  22.1 |      17 |       6 |  26.1
        D:8 |    1508 |    1733 |  53.5 |      27 |      10 |  27.0
        D:9 |    1679 |    2423 |  59.1 |      30 |      10 |  25.0
       D:10 |    1974 |    1835 |  48.2 |      15 |       4 |  21.1
       D:11 |    6444 |     944 |  12.8 |      25 |      10 |  28.6
       D:12 |    4731 |       0 |   0.0 |      12 |       0 |   0.0
       D:13 |    5597 |    4207 |  42.9 |      15 |      18 |  54.5
       D:14 |    4614 |       0 |   0.0 |      18 |       0 |   0.0
       D:15 |    7734 |    2701 |  25.9 |      12 |      10 |  45.5
     Lair:1 |    4233 |     939 |  18.2 |      18 |       1 |   5.3
     Lair:2 |    1624 |    3210 |  66.4 |       4 |      10 |  71.4
     Lair:3 |    4381 |    2803 |  39.0 |      11 |      17 |  60.7
     Lair:4 |    5649 |    2535 |  31.0 |      20 |       6 |  23.1
     Lair:5 |    3483 |    1461 |  29.6 |      10 |       4 |  28.6
     Lair:6 |   15545 |    8932 |  36.5 |      37 |      34 |  47.9
    Swamp:1 |   13229 |       0 |   0.0 |      26 |       0 |   0.0
    Swamp:2 |   12944 |       0 |   0.0 |      25 |       0 |   0.0
    Swamp:3 |   10280 |       0 |   0.0 |      21 |       0 |   0.0
    Swamp:4 |   17165 |   29081 |  62.9 |      26 |      40 |  60.6
   Spider:1 |   11172 |       0 |   0.0 |      35 |       0 |   0.0
   Spider:2 |   11875 |   14945 |  55.7 |      38 |      33 |  46.5
   Spider:3 |   22753 |   26627 |  53.9 |      67 |      12 |  15.2
   Spider:4 |   10791 |   26232 |  70.9 |      30 |      42 |  58.3
      Orc:1 |    1185 |       0 |   0.0 |      27 |       0 |   0.0
      Orc:2 |    4467 |   20676 |  82.2 |      45 |      41 |  47.7
   Vaults:1 |   45993 |   16321 |  26.2 |      59 |      21 |  26.2
   Vaults:2 |   15636 |   34165 |  68.6 |      26 |      41 |  61.2
   Vaults:3 |   51360 |   55934 |  52.1 |      67 |      66 |  49.6
   Gauntlet |       0 |    4279 | 100.0 |       0 |       6 | 100.0
            +---------+---------+-------+---------+---------+-------

Illustrated notes

Table legend:
 A = Kills in this place as a percentage of kills in entire the game.
 B = Kills by you in this place as a percentage of kills by you in the entire game.
 C = Kills by friends in this place as a percentage of kills by friends in the entire game.
 D = Other kills in this place as a percentage of other kills in the entire game.
 E = Experience gained in this place as a percentage of experience gained in the entire game.
 F = Experience gained in this place divided by the number of levels of this place that you have seen.
                   A       B       C       D       E      F
               +-------+-------+-------+-------+-------+----------------------
         Total | 100.0 | 100.0 | 100.0 | 100.0 | 100.0 | 15699.6
       Dungeon |  27.1 |  27.0 |  40.0 |  25.0 |   9.4 | 3552.1
          Lair |  13.0 |  12.8 |  26.7 |  25.0 |   9.7 | 9132.5
         Swamp |  10.4 |  10.4 |   0.0 |  50.0 |  14.6 | 20674.8
   Spider Nest |  19.4 |  19.7 |   0.0 |   0.0 |  22.0 | 31098.8
  Orcish Mines |   8.5 |   8.4 |  20.0 |   0.0 |   4.7 | 13164.0
        Vaults |  21.1 |  21.3 |  13.3 |   0.0 |  38.8 | 73136.3
      Gauntlet |   0.5 |   0.5 |   0.0 |   0.0 |   0.8 | 4279.0
               +-------+-------+-------+-------+-------+----------------------

Table legend: (Time is in decaauts)
 A = Elapsed time spent in this place.
 B = Non-inter-level travel time spent in this place.
 C = Inter-level travel time spent in this place.
 D = Time resting spent in this place.
 E = Time spent auto-exploring this place.
 F = Levels seen in this place.
 G = Mean time per level.
                   A        B        C        D        E       F      G
               +--------+--------+--------+--------+--------+-----+--------+
         Total |  42417 |  39840 |   2577 |   4590 |  26704 |  36 | 1178.2 |
       Dungeon |  19025 |  17929 |   1096 |   1840 |  13338 |  15 | 1268.3 |
        Temple |      1 |      1 |      0 |      0 |      0 |   1 |    1.0 |
          Lair |   7599 |   6874 |    725 |    661 |   5031 |   6 | 1266.5 |
         Swamp |   4411 |   4236 |    175 |    704 |   2480 |   4 | 1102.8 |
   Spider Nest |   3853 |   3704 |    149 |    542 |   1812 |   4 |  963.2 |
  Orcish Mines |   1602 |   1505 |     97 |     28 |   1051 |   2 |  801.0 |
        Vaults |   4982 |   4648 |    334 |    392 |   2792 |   3 | 1660.7 |
      Gauntlet |    941 |    941 |      0 |    420 |    199 |   1 |  941.0 |
               +--------+--------+--------+--------+--------+-----+--------+

Top non-repeatable levels by time:
    D:11: 2439 daAuts
     D:8: 2089 daAuts
     D:2: 2010 daAuts
Vaults:2: 1773 daAuts
  Lair:4: 1727 daAuts
Vaults:3: 1604 daAuts
Vaults:1: 1603 daAuts
 Swamp:4: 1546 daAuts
  Lair:3: 1541 daAuts
     D:3: 1507 daAuts
    D:10: 1428 daAuts
    D:13: 1422 daAuts
     D:6: 1364 daAuts
 Swamp:3: 1237 daAuts
  Lair:6: 1231 daAuts
